 Dungeon Crawl Stone Soup version 0.30-a0-365-ge7f957f1db (webtiles) character file.

Game seed: 6247138987518318799

21 Nerdsrcool the Firebug (level 2, -1/24 HPs)
             Began as an Ogre Fire Elementalist on Nov 16, 2022.
             Slain by a hobgoblin (3 damage)
             ... on level 1 of the Dungeon.
             The game lasted 00:04:46 (422 turns).

Nerdsrcool the Firebug (Ogre Fire Elementalist)      Turns: 422, Time: 00:04:47

Health: -1/24      AC:  3    Str: 11    XL:     2   Next: 87%
Magic:  5/5        EV:  9    Int: 16    God:
Gold:   18         SH:  0    Dex:  9    Spells: 5/6 levels left

rFire   . . .      SeeInvis .    f - +3 short sword (distort)
rCold   . . .      Faith    .    (no shield)
rNeg    . . .      Spirit   .    a - +0 robe
rPois   .          Reflect  .    (helmet restricted)
rElec   .          Harm     .    (no cloak)
rCorr   .          Rampage  .    (gloves unavailable)
Will    .....                    (boots unavailable)
Stlth   ++........               (no amulet)
HPRegen 0.24/turn                (no ring)
MPRegen 0.09/turn                (no ring)

@: brilliant
A: large, unfitting armour, tough skin 1
a: no special abilities


You were on level 1 of the Dungeon.
You visited 1 branch of the dungeon, and saw 1 of its levels.

You collected 18 gold pieces.

Inventory:

Hand Weapons
 d - a +0 mace
 f - a +3 short sword of distortion (weapon)
Armour
 a - a +0 robe (worn)
Scrolls
 g - a scroll of identify {unknown}
 h - a scroll of amnesia {unknown}
Potions
 b - a potion of magic
 e - a potion of degeneration {unknown}
 i - a potion of brilliance
 j - a potion of cancellation {unknown}


   Skills:
 + Level 1.9 Dodging
 + Level 1.6 Stealth
 + Level 2.5 Spellcasting
 + Level 1.1 Conjurations
 + Level 3.2 Fire Magic


You had 5 spell levels left.
You knew the following spells:

 Your Spells              Type           Power      Damage    Failure   Level
a - Foxfire               Conj/Fire      52%        2x1d6     9%          1

Your spell library contained the following spells:

 Spells                   Type           Power      Damage    Failure   Level
 Scorch                   Fire           36%        2d7       8%          2
 Inner Flame              Hex/Fire       10%        N/A       30%         3
 Kindle Blastsparks       Fire/Tloc/Air  16%        2d11      36%         3
 Flame Wave               Conj/Fire      13%        2d6       63%         4


Dungeon Overview and Level Annotations

Branches:
Dungeon (1/15)

Altars:


Innate Abilities, Weirdness & Mutations

You are too large for most types of armour.
You have tough skin. (AC +1)


Message History

You closely miss the kobold.
The kobold hits you with a +2 dagger of protection.
The bat closely misses you.
The hobgoblin hits you but does no damage.
The kobold hits you with a +0 whip.
* * * LOW HITPOINT WARNING * * *
Okay, then.
As you read the scroll labelled VUEPIG PAZOUT, it crumbles to dust.
Wisps of shadow whirl around you...
It was a scroll of summoning.
The bat hits you.
* * * LOW HITPOINT WARNING * * *
The bat closely misses you. The kobold barely misses you.
The hobgoblin barely misses you. The kobold hits you with a +0 whip.
* * * LOW HITPOINT WARNING * * *
You swap places.
The bat closely misses you. The bat closely misses your goblin.
Your giant cockroach barely misses the bat.
Your goblin hits the kobold with a +0 club.
The kobold dies!
The bat hits you but does no damage. The hobgoblin hits your kobold.
Your kobold dies!
Your kobold's corpse dissolves into shadows!
Your goblin hits the bat with a +0 club.
The kobold attacks as you move away!
The kobold hits you with a +2 dagger of protection.
* * * LOW HITPOINT WARNING * * *
The bat hits you but does no damage. The bat misses you.
The kobold closely misses your giant cockroach.
You hit the bat.
Space warps horribly around the bat!
You kill the bat!
Your giant cockroach misses the kobold.
Your goblin barely misses the kobold.
Your goblin closely misses the kobold.
The kobold hits your giant cockroach with a +2 dagger of protection.
Your giant cockroach completely misses the kobold.
Your goblin barely misses the kobold.
Your goblin closely misses the kobold.
It was a potion of brilliance.
You feel clever all of a sudden.
Your giant cockroach closely misses the kobold. x2
The hobgoblin hits you.
You die...

#.### ##........#..##..##
. ######................
##........##......##..#
##.........#..รท........#
........................
#.......)..............
#.........#........#...
#.........#.......##..#
#....@###......###....
#....g###.#....###....
#...BK.=..............
#...gg...#####..#####.
#...)....# ##..####.
#.....#### #.......
#......# #####..####.
...?....# #.....## #.
......... ....##### #.


You could see a hobgoblin, a kobold (ally target), a friendly giant cockroach
(summoned) and 2 friendly goblins.

Vanquished Creatures
  3 bats (D:1)
  3 endoplasms (D:1)
  A giant cockroach (D:1)
  2 hobgoblins (D:1)
  4 quokkas (D:1)
  2 kobolds (D:1)
  A rat (D:1)
16 creatures vanquished.

Vanquished Creatures (collateral kills)
  A kobold (D:1)
1 creature vanquished.

Vanquished Creatures (others)
  17 foxfires (D:1)
17 creatures vanquished.

Grand Total: 34 creatures vanquished

Notes
Turn   | Place    | Note
-------+----------+-------------------------------------------
     0 | D:1      | Nerdsrcool the Ogre Fire Elementalist began the quest for
                  | the Orb.
     0 | D:1      | Reached XP level 1. HP: 16/16 MP: 3/3
    84 | D:1      | Reached skill level 3 in Fire Magic
    94 | D:1      | Reached XP level 2. HP: 19/24 MP: 3/5
   135 | D:1      | Reached skill level 1 in Conjurations
   419 | D:1      | HP: 1/24 [kobold/+2 dagger of protection (3)]
   422 | D:1      | Slain by a hobgoblin

Illustrated notes

Levels and vault maps discovered:
D:1:      dpeg_arrival_short_road, layout_rooms, minmay_misc_feat_alley

Skill      XL: |  1  2 |
---------------+-------+-----
Fire Magic     | 3 |  3.2
Conjurations   | 1 |  1.1
Dodging        | |  1.9
Stealth        | |  1.6
Spellcasting   | |  2.5

Action                   || total
-------------------------++-------
Melee: Mace              ||     5
       Unarmed           ||     1
       Short sword       ||    29
 Cast: Foxfire           ||    11
  Use: Scroll            ||     1
       Potion            ||     1
Armor: Robe              ||    20
Dodge: Dodged            ||    28

Table legend: (Time is in decaauts)
 A = Elapsed time spent in this place.
 B = Non-inter-level travel time spent in this place.
 C = Inter-level travel time spent in this place.
 D = Time resting spent in this place.
 E = Time spent auto-exploring this place.
 F = Levels seen in this place.
 G = Mean time per level.
                   A        B        C        D        E       F      G
               +--------+--------+--------+--------+--------+-----+--------+
         Total |    423 |    423 |      0 |      0 |    297 |   1 |  423.0 |
       Dungeon |    423 |    423 |      0 |      0 |    297 |   1 |  423.0 |
               +--------+--------+--------+--------+--------+-----+--------+

Top non-repeatable levels by time:
     D:1: 423 daAuts
